Map: Submarine LE

Players

Reynor

  • Race: Zerg Zerg
  • League: Master
  • Spawn Location: 5:00

LiquidClem (Clem) - Winner!

  • Race: Terran Terran
  • League: Master
  • Spawn Location: 11:00

Event: DreamHack SC2 Masters 2020 Fall

VOD

Have the link to the VOD?

Description

Time

  • Played on: Sept. 13, 2020, 3:30 p.m.
  • Length: 15:05

All games in this series

Show
View Real Time Build Order
Export as new Build Order

Reynor Zerg 

Build Orders: Hatch First 

Get SALT Encoding   

  12  0:00  Drone  
  13  0:12  Overlord  
  13  0:16  Drone  
  14  0:30  Drone x2  
  16  0:47  Hatchery  
  15  0:50  Drone  
  15  0:54  Drone  
  17  0:57  Drone  
  18  1:08  Extractor  
  17  1:12  Spawning Pool  
  17  1:15  Drone  
  17  1:19  Drone  
  18  1:27  Drone  
  19  1:38  Drone  
  20  1:49  Overlord  
  20  1:59  Queen x2  
  20  2:00  Zergling x4  
  26  2:10  Drone x2  
  28  2:23  Hatchery  
  28  2:24  Drone  
  28  2:29  Drone  
  29  2:33  Drone  
  29  2:37  Metabolic Boost  
  29  2:38  Drone  
  30  2:45  Queen  
  30  2:49  Overlord  
  32  2:52  Drone  
  32  2:55  Drone  
  32  2:57  Drone  
  35  3:04  Drone  
  36  3:11  Zergling x2  
  37  3:14  Drone x3  
  37  3:15  Overlord  
  40  3:20  Queen  
  40  3:23  Drone  
  40  3:25  Drone  
  44  3:33  Drone  
  45  3:36  Queen  
  45  3:37  Zergling x2  
  45  3:40  Zergling x2  
  49  3:42  Overlord  
  49  3:43  Zergling x2  
  49  3:44  Zergling x2  
  49  3:47  Drone x2  
  49  3:48  Drone  
  54  3:55  Drone x2  
  56  3:56  Queen  
  57  4:04  Zergling x4  
  57  4:07  Drone x2  
  57  4:08  Overlord  
  60  4:11  Spore Crawler  
  57  4:20  Spore Crawler  
  57  4:21  Overlord  
  57  4:23  Zergling x2  
  57  4:26  Queen  
  57  4:27  Overlord, Spore Crawler  
  57  4:28  Drone x4  
  57  4:30  Zergling x2  
  63  4:38  Evolution Chamber x2, Drone  
  62  4:39  Overlord  
  62  4:41  Drone  
  62  4:42  Drone  
  62  4:44  Drone  
  65  4:48  Spore Crawler  
  65  4:52  Drone x3  
  67  4:55  Drone x2  
  69  5:00  Drone x2  
  69  5:02  Drone x2  
  69  5:04  Overlord  
  69  5:05  Drone  
  69  5:06  Drone  
  76  5:08  Extractor  
  76  5:11  Drone x2  
  76  5:12  Drone  
  78  5:17  Zerg Ground Armor Level 1  
  78  5:20  Zergling x6  
  81  5:22  Drone x2  
  81  5:24  Extractor  
  81  5:25  Extractor  
  81  5:27  Lair  
  80  5:28  Zergling x4  
  80  5:32  Drone  
  82  5:37  Drone  
  82  5:40  Drone x2  
  82  5:41  Drone  
  86  5:43  Hatchery, Baneling Nest  
  84  5:53  Zergling x20  
  94  5:58  Zerg Melee Weapons Level 1  
  94  6:00  Overlord  
  94  6:02  Drone  
  94  6:03  Drone  
  96  6:12  Drone  
  96  6:14  Overlord  
  96  6:16  Overlord  
  97  6:20  Zergling x16  
  105  6:29  Overlord  
  105  6:30  Zergling x2  
  105  6:34  Hatchery  
  105  6:35  Baneling x3  
  105  6:36  Zergling x4  
  105  6:37  Zergling x2  
  105  6:40  Queen  
  105  6:43  Zergling x10  
  106  6:49  Zergling x4  
  106  6:52  Zergling x10  
  98  6:55  Drone  
  98  6:57  Drone  
  98  6:58  Drone  
  98  7:00  Centrifical Hooks  
  99  7:01  Drone  
  99  7:05  Drone  
  99  7:06  Drone  
  99  7:08  Pneumatized Carapace  
  102  7:10  Overseer, Drone  
  102  7:13  Baneling  
  102  7:14  Baneling x3  
  103  7:15  Drone x2  
  103  7:16  Drone x3  
  103  7:17  Drone  
  109  7:28  Drone x2  
  109  7:29  Overlord, Zerg Ground Armor Level 2  
  111  7:32  Drone x4  
  116  7:37  Drone  
  116  7:38  Drone x2  
  116  7:39  Drone  
  119  7:45  Drone x3  
  119  7:46  Drone x4  
  119  7:47  Queen  
  119  7:48  Drone x2  
  119  7:49  Zergling x4  
  119  7:51  Baneling x5  
  132  7:54  Zergling x4  
  132  7:55  Baneling x2  
  132  7:56  Zergling x8  
  138  8:02  Zerg Melee Weapons Level 2, Drone  
  138  8:03  Drone  
  134  8:08  Zergling x2  
  134  8:09  Zergling x6  
  134  8:11  Drone  
  134  8:12  Spore Crawler  
  138  8:14  Overlord  
  138  8:15  Baneling x3  
  138  8:16  Drone x3  
  138  8:18  Zergling x2  
  138  8:19  Spore Crawler  
  141  8:25  Zergling x4  
  138  8:36  Overlord  
  138  8:39  Drone x7  
  138  8:40  Zergling x4  
  142  8:44  Overlord  
  142  8:47  Overlord  
  140  8:48  Baneling x5  
  140  8:53  Queen  
  136  8:56  Zergling x10  
  141  9:02  Overlord x2  
  141  9:04  Infestation Pit  
  141  9:08  Baneling x2  
  141  9:09  Baneling x5  
  140  9:11  Queen  
  140  9:14  Drone x3  
  140  9:15  Zergling x14  
  140  9:16  Zergling x10  
  152  9:21  Drone x2  
  152  9:22  Drone x2  
  152  9:24  Baneling, Extractor x2  
  155  9:25  Zergling x4, Extractor, Baneling x8  
  155  9:29  Zergling x4  
  155  9:31  Zergling x8  
  160  9:38  Zergling x2  
  160  9:39  Zergling x4  
  160  9:41  Drone x2  
  160  9:43  Drone x2  
  160  9:44  Spore Crawler  
  160  9:45  Spore Crawler  
  165  9:47  Spore Crawler  
  165  9:48  Zergling x12, Hatchery  
  165  9:50  Hive  
  165  9:52  Overlord  
  166  9:53  Queen  
  166  9:54  Drone  
  166  9:56  Drone  
  166  9:58  Zergling x6  
  170  10:05  Zergling x6  
  173  10:07  Hatchery, Baneling x13  
  173  10:09  Zergling x2  
  173  10:10  Overlord  
  173  10:14  Zergling x2  
  173  10:15  Zergling x16  
  173  10:18  Zergling x2  
  179  10:22  Zergling x6  
  179  10:24  Zergling x2  
  174  10:29  Zergling x10  
  167  10:40  Zergling x16  
  167  10:41  Baneling x9  
  164  10:45  Zergling x2  
  164  10:46  Zergling x2  
  159  10:52  Zergling x10  
  159  10:57  Zergling x10, Extractor  
  165  10:58  Spire  
  165  10:59  Baneling x6  
  165  11:03  Zergling x4  
  158  11:06  Zergling x6  
  158  11:09  Zergling x10  
  141  11:13  Zergling x2  
  141  11:14  Baneling x8  
  141  11:17  Zergling x8  
  141  11:18  Ultralisk Cavern  
  142  11:20  Queen  
  142  11:22  Zergling x8  
  145  11:28  Zergling x2  
  145  11:29  Zergling x12, Baneling  
  145  11:30  Baneling x9  
  145  11:32  Zergling x4, Queen  
  147  11:35  Zergling x6  
  147  11:36  Zerg Ground Armor Level 3  
  147  11:37  Zerg Melee Weapons Level 3  
  147  11:38  Overlord  
  148  11:46  Drone x3  
  149  11:49  Overseer x2  
  145  11:56  Zergling x14  
  145  11:58  Overlord  
  152  12:08  Queen  
  150  12:10  Chitinous Plating  
  150  12:11  Ultralisk x2  
  150  12:12  Zergling x22  
  175  12:16  Overlord  
  175  12:18  Zergling x4, Ultralisk  
  175  12:19  Zergling x2  
  184  12:23  Baneling x6  
  184  12:24  Drone x2  
  184  12:27  Zergling x2  
  184  12:28  Zergling x8  
  180  12:38  Adrenal Glands, Drone x2  
  180  12:40  Zergling x14  
  184  12:46  Zergling x2, Ultralisk  
  184  12:47  Zergling x4  
  189  12:52  Baneling x5  
  189  12:53  Zergling x2  
  189  12:54  Zergling x6  
  189  12:57  Spore Crawler x2  
  176  13:02  Zergling x14  
  168  13:12  Ultralisk x2  
  151  13:22  Drone x3  
  155  13:28  Baneling x11  
  155  13:32  Zergling x18  
  163  13:35  Zergling x6  
  154  13:42  Zergling x4  
  154  13:43  Infestor x3  
  154  13:45  Zergling x4  
  160  13:53  Overlord  
  160  13:55  Drone x3  
  143  13:57  Zergling x2  
  135  14:05  Hatchery  
  129  14:11  Overseer x2  
  129  14:15  Zergling x14  
  129  14:16  Zergling x2  
  129  14:17  Zergling x2  
  135  14:22  Infestor x2  
  133  14:28  Zergling x2  
  139  14:42  Zergling x14  
  139  14:44  Zergling x4  
  139  14:45  Zergling x2  
Show
View Real Time Build Order
Export as new Build Order

LiquidClem Terran - Winner!

Build Orders: Liberator Opening, Reaper Expand 

Get SALT Encoding   

  12  0:00  SCV  
  13  0:12  SCV  
  14  0:16  Supply Depot  
  14  0:24  SCV  
  15  0:38  SCV, Barracks  
  15  0:42  Refinery  
  16  0:50  SCV  
  17  1:02  SCV  
  18  1:14  SCV  
  19  1:25  Reaper  
  19  1:26  Orbital Command  
  20  1:37  Command Center  
  20  1:45  Supply Depot  
  20  1:52  SCV  
  21  1:57  Marine  
  22  2:05  SCV  
  23  2:09  Factory  
  23  2:13  Refinery  
  23  2:19  SCV, Barracks Reactor  
  24  2:31  SCV  
  25  2:43  SCV  
  26  2:49  Orbital Command  
  26  2:53  Starport  
  26  2:55  SCV  
  27  3:01  Hellion x2  
  27  3:03  Marine, Barracks Tech Lab  
  32  3:07  SCV  
  33  3:13  Supply Depot  
  33  3:15  SCV  
  33  3:19  SCV  
  35  3:22  Hellion x2  
  39  3:27  SCV  
  39  3:30  Liberator  
  39  3:31  SCV  
  44  3:38  Supply Depot  
  44  3:39  SCV  
  45  3:43  SCV  
  45  3:46  Hellion x2  
  50  3:53  SCV, Barracks Tech Lab  
  51  4:01  Supply Depot  
  51  4:02  SCV  
  52  4:05  SCV  
  53  4:12  Stimpack, Command Center  
  53  4:14  Marine  
  53  4:15  SCV  
  55  4:18  Starport Reactor  
  55  4:19  SCV  
  55  4:21  Factory Tech Lab  
  56  4:27  SCV  
  56  4:30  Barracks  
  57  4:32  Barracks  
  57  4:36  SCV  
  58  4:39  SCV  
  58  4:44  Marine  
  60  4:46  Engineering Bay x2  
  60  4:49  Siege Tank  
  63  4:53  SCV  
  63  4:56  Supply Depot  
  63  4:58  SCV  
  65  5:02  Starport Reactor, Marine  
  65  5:05  Refinery x2  
  65  5:06  Supply Depot  
  66  5:08  SCV  
  66  5:10  SCV  
  68  5:16  Terran Infantry Weapons Level 1  
  68  5:17  Terran Infantry Armor Level 1  
  68  5:20  SCV  
  69  5:22  Marine x2  
  69  5:23  Marine  
  69  5:27  Orbital Command  
  73  5:29  Marine x2  
  73  5:32  SCV  
  73  5:34  Siege Tank  
  78  5:40  Medivac, Marine x2  
  78  5:42  SCV  
  83  5:44  SCV  
  83  5:47  Supply Depot  
  84  5:50  Medivac, Marine  
  84  5:51  Marine  
  84  5:52  Marine  
  84  5:54  SCV, Orbital Command  
  88  5:57  SCV  
  88  6:01  Supply Depot  
  88  6:02  Marine x2  
  91  6:06  SCV  
  91  6:09  SCV  
  91  6:11  Combat Shield, Supply Depot  
  93  6:12  Marine x2  
  93  6:14  Marine  
  93  6:18  SCV  
  97  6:21  SCV, Barracks  
  97  6:23  Barracks  
  98  6:27  Armory  
  98  6:31  SCV x2  
  100  6:32  Marine  
  100  6:33  SCV  
  100  6:34  Marine x2  
  100  6:36  Marine  
  100  6:39  Siege Tank  
  108  6:41  Marine  
  106  6:48  SCV  
  106  6:50  SCV, Marine  
  106  6:52  Marine x2  
  106  6:54  Marine  
  99  6:57  SCV  
  99  6:59  Marine  
  99  7:03  SCV, Supply Depot  
  99  7:07  Liberator  
  99  7:08  Marine  
  100  7:10  Medivac, Marine  
  100  7:11  Barracks Reactor x2  
  100  7:15  Marine, Terran Infantry Weapons Level 2  
  104  7:16  Marine  
  104  7:17  SCV x2  
  104  7:18  SCV  
  104  7:21  Marine  
  110  7:26  Marine  
  110  7:27  Marine  
  114  7:30  SCV x2, Supply Depot  
  114  7:32  SCV  
  114  7:33  Factory  
  114  7:34  Supply Depot  
  114  7:35  Refinery  
  115  7:37  Terran Infantry Armor Level 2  
  115  7:39  Marine  
  115  7:40  Marine x2  
  115  7:44  Marine  
  118  7:45  Marine  
  118  7:46  Drilling Claws  
  118  7:48  Widow Mine  
  118  7:49  Marine  
  118  7:50  Supply Depot, Marine  
  124  7:51  Marine  
  124  7:54  Marine  
  124  7:57  Medivac, Marine  
  130  8:05  SCV x2  
  130  8:06  Marine x2  
  130  8:07  Marine  
  130  8:08  Command Center  
  130  8:10  Marine  
  130  8:12  Marine x2  
  137  8:20  Supply Depot, Factory Reactor, Terran Vehicle And Ship Armor Level 1  
  137  8:21  Marine x3, Widow Mine  
  137  8:23  Medivac  
  137  8:24  Marine  
  145  8:27  Medivac  
  145  8:29  SCV x3  
  145  8:32  Marine x2  
  144  8:36  Marine  
  144  8:40  Marine x2  
  144  8:41  SCV x2  
  138  8:42  Marine, Widow Mine  
  138  8:45  SCV  
  142  8:55  Marine x2  
  142  8:57  Medivac, Marine x3  
  142  8:58  SCV  
  142  8:59  Medivac  
  142  9:02  SCV  
  152  9:04  Widow Mine  
  152  9:05  Supply Depot, Marine  
  152  9:07  Marine  
  152  9:08  Marine  
  152  9:19  SCV x2  
  152  9:20  Marine x2  
  152  9:21  Marauder  
  152  9:22  Widow Mine x2  
  162  9:24  Marine  
  162  9:25  Widow Mine  
  162  9:27  SCV, Medivac, Marine  
  163  9:31  Marine x2  
  163  9:32  SCV  
  163  9:38  Marine x2  
  164  9:39  SCV  
  164  9:40  Marine  
  164  9:43  Widow Mine  
  164  9:44  Widow Mine  
  170  9:46  Sensor Tower  
  170  9:47  SCV  
  171  9:53  Widow Mine  
  171  9:56  Marine  
  171  9:57  SCV, Marine  
  176  10:02  Planetary Fortress  
  176  10:03  SCV x2  
  176  10:04  Marine x2  
  176  10:05  Widow Mine x2  
  184  10:08  Marine x2  
  184  10:09  Marauder  
  188  10:19  Command Center  
  188  10:21  SCV x3, Marine x2, Widow Mine  
  188  10:26  Widow Mine x2  
  188  10:27  Marine x4  
  181  10:29  Marine  
  181  10:30  Marauder  
  181  10:33  SCV  
  181  10:35  Refinery x2  
  179  10:37  Marine  
  179  10:39  Marine  
  175  10:44  Command Center  
  175  10:45  Marine x2  
  175  10:48  Widow Mine  
  173  10:53  Marauder  
  173  11:01  Marine  
  173  11:02  Barracks x3  
  173  11:03  Marine  
  173  11:06  Marine x3  
  173  11:08  Supply Depot, Marine x2  
  173  11:09  SCV, Marine  
  173  11:10  Cyclone, Widow Mine x2  
  179  11:14  Marauder  
  181  11:18  Supply Depot  
  181  11:19  Supply Depot  
  181  11:23  Marine  
  177  11:29  Marine x3  
  177  11:31  Liberator  
  177  11:32  Widow Mine x2, Marine  
  175  11:35  Marine x2  
  175  11:36  Marauder, Marine  
  175  11:39  Medivac  
  183  11:42  Marine, Widow Mine  
  183  11:47  Marine x3  
  186  11:50  SCV  
  186  11:51  SCV, Marine  
  186  11:54  Marine x2  
  193  11:57  Marauder  
  193  11:59  Marine x3  
  199  12:04  Marine  
  199  12:05  SCV, Marine  
  199  12:07  Widow Mine  
  200  12:22  Planetary Fortress  
  200  12:26  Command Center  
  200  12:27  Marauder, Marine  
  200  12:29  Command Center, Widow Mine  
  195  12:32  Terran Vehicle Weapons Level 1  
  184  12:40  Widow Mine, Marine  
  184  12:41  Marine  
  183  12:45  Widow Mine  
  183  12:48  Marauder  
  183  12:50  Marine x2  
  183  12:51  Widow Mine  
  189  12:56  SCV x2  
  189  12:59  Marine x2  
  189  13:01  Widow Mine  
  189  13:03  Marine x2  
  193  13:06  Marine, Widow Mine  
  193  13:10  Command Center, Marauder  
  193  13:12  Widow Mine  
  190  13:17  Barracks Tech Lab x2  
  190  13:18  Barracks Tech Lab  
  188  13:21  Liberator  
  188  13:23  Widow Mine  
  191  13:28  Widow Mine  
  191  13:29  Command Center  
  191  13:31  Armory, Marauder  
  192  13:34  Marine  
  187  13:41  Widow Mine  
  187  13:42  Marauder x2  
  187  13:43  Marauder  
  191  13:51  Widow Mine x2  
  191  13:52  Marauder  
  191  13:55  Marine x2  
  194  14:00  Medivac  
  191  14:02  Widow Mine  
  191  14:04  Marauder x3  
  191  14:09  Command Center, Refinery  
  178  14:11  Marine x4  
  178  14:12  Widow Mine  
  178  14:14  Marauder  
  178  14:15  Widow Mine  
  188  14:21  Marine x2  
  190  14:25  Marauder x2  
  190  14:26  Marauder  
  192  14:35  Marauder  
  192  14:37  Missile Turret  

Tags
 
Add a new tag
Caveats
  • Supply blocks, unpowered buildings, or Contaminate may cause inaccurate times.
  • Supply counts are checked every 10 seconds.